Map: King's Cove LE

Players

Navgoroth - Winner!

  • Race: Protoss Protoss
  • League: Master
  • Spawn Location: 5:00

Mez

  • Race: Terran Terran
  • League: Master
  • Spawn Location: 11:00

VOD

Have the link to the VOD?

Description

Time

  • Played on: Aug. 7, 2019, 2:57 p.m.
  • Length: 12:55
Show
View Real Time Build Order
Export as new Build Order

Navgoroth Protoss - Winner!

Build Orders: 1 Gate Expand, Phoenix Opening, Colossus Rush 

Get SALT Encoding   

  12  0:01  Probe  
  13  0:13  Pylon  
  13  0:18  Probe  
  14  0:27  Probe  
  14  0:33  Pylon  
  14  0:35  Probe  
  16  0:45  Probe  
  17  0:53  Gateway  
  18  0:57  Probe  
  18  1:00  Assimilator  
  18  1:09  Probe  
  19  1:31  Nexus  
  19  1:41  Cybernetics Core  
  19  1:48  Zealot  
  19  1:51  Probe  
  22  2:00  Assimilator  
  22  2:03  Probe  
  22  2:08  Stalker  
  23  2:15  Probe  
  26  2:27  Probe  
  26  2:29  Stalker  
  27  2:39  Probe  
  30  2:46  Shield Battery  
  30  2:47  Probe  
  31  2:51  Probe  
  31  2:55  Stargate  
  31  2:58  Probe  
  32  3:05  Probe  
  33  3:06  Probe  
  35  3:13  Probe  
  35  3:14  Probe  
  37  3:21  Probe  
  37  3:26  Probe  
  39  3:32  Probe  
  40  3:38  Probe  
  40  3:40  Phoenix  
  41  3:45  Probe  
  41  3:46  Robotics Facility  
  41  3:47  Pylon  
  42  3:50  Probe  
  43  3:57  Probe  
  43  3:58  Pylon  
  43  4:02  Probe  
  45  4:05  Phoenix  
  45  4:07  Pylon  
  45  4:09  Probe  
  48  4:14  Probe  
  49  4:18  Shield Battery  
  49  4:21  Probe  
  49  4:22  Assimilator  
  49  4:24  Assimilator  
  50  4:26  Probe  
  50  4:30  Phoenix  
  53  4:33  Probe  
  54  4:38  Probe  
  54  4:41  Observer  
  56  4:48  Probe  
  56  4:49  Robotics Bay  
  56  4:50  Probe  
  58  4:54  Zealot  
  58  4:59  Phoenix  
  47  5:17  Probe x2  
  49  5:25  Probe x2  
  49  5:30  Shield Battery  
  49  5:33  Probe x2  
  50  5:38  Colossus  
  50  5:43  Probe x2  
  50  5:45  Phoenix  
  50  5:46  Shield Battery  
  58  5:51  Probe x2  
  60  5:58  Extended Thermal Lance  
  60  5:59  Probe x2  
  60  6:04  Zealot  
  64  6:11  Phoenix  
  68  6:21  Nexus  
  66  6:26  Pylon  
  66  6:40  Phoenix, Colossus  
  66  6:42  Probe  
  66  6:43  Probe  
  76  6:55  Probe x2  
  78  7:13  Probe x2, Pylon  
  78  7:15  Pylon  
  76  7:16  Pylon  
  76  7:18  Phoenix  
  76  7:21  Forge  
  76  7:23  Twilight Council  
  76  7:25  Probe x2  
  78  7:32  Pylon  
  78  7:34  Probe  
  79  7:37  Probe x2  
  79  7:40  Phoenix  
  79  7:42  Colossus  
  81  7:46  Probe  
  81  7:49  Probe  
  81  7:50  Protoss Ground Weapons Level 1  
  91  7:53  Warp Gate, Shield Battery  
  91  7:54  Charge  
  91  7:55  Sentry  
  93  8:07  Phoenix  
  91  8:22  Gateway x2  
  91  8:27  Gateway  
  91  8:32  Gateway  
  91  8:33  Phoenix, Gateway  
  93  8:35  Gateway  
  93  8:36  Colossus  
  93  8:47  Pylon  
  101  9:00  Phoenix  
  101  9:09  Nexus  
  101  9:20  Colossus  
  101  9:25  Phoenix  
  109  9:33  Gateway  
  109  9:35  Gateway  
  109  9:37  Pylon  
  109  9:43  Zealot x6, Phoenix  
  123  9:53  Sentry  
  125  10:05  Phoenix  
  125  10:06  Sentry  
  127  10:07  Zealot x5  
  137  10:22  Zealot  
  139  10:29  Pylon  
  139  10:30  Phoenix, Pylon  
  139  10:33  Pylon x2  
  139  10:34  Zealot x4  
  139  10:35  Zealot x2  
  149  10:41  Probe x2  
  151  10:50  Zealot  
  151  10:54  Zealot, Phoenix  
  151  10:55  Zealot x5  
  167  11:17  Zealot x4  
  167  11:18  Zealot x3  
  181  11:19  Phoenix  
  181  11:21  Probe x2  
  181  11:25  Pylon  
  185  11:32  Pylon  
  185  11:36  Pylon  
  185  11:44  Phoenix  
  183  12:09  Phoenix  
  183  12:11  Stalker x5  
  183  12:12  Stalker x2  
  167  12:38  Stalker x6  
  167  12:39  Stalker  
Show
View Real Time Build Order
Export as new Build Order

Mez Terran 

Build Orders: Reaper Expand 

Get SALT Encoding   

  12  0:00  SCV  
  13  0:12  SCV  
  14  0:18  Supply Depot  
  14  0:25  SCV  
  15  0:40  SCV  
  15  0:41  Barracks  
  16  0:45  Refinery  
  16  0:52  SCV  
  18  1:04  SCV  
  18  1:20  SCV  
  19  1:30  Reaper  
  20  1:35  Orbital Command  
  20  1:44  Command Center  
  20  1:55  Barracks  
  20  2:02  SCV  
  20  2:04  Barracks Reactor  
  21  2:15  SCV, Barracks  
  22  2:20  Supply Depot  
  22  2:27  SCV  
  23  2:42  SCV  
  23  2:43  Marine x2, Barracks Tech Lab  
  25  3:01  Marine x2  
  25  3:02  Concussive Shells, Marauder  
  28  3:08  SCV  
  28  3:11  Marine  
  30  3:20  Marine  
  31  3:29  Marine  
  31  3:34  Marine  
  31  3:38  Marine  
  31  3:43  Supply Depot  
  31  3:45  Stimpack  
  31  3:53  Marine x2  
  31  3:54  SCV, Marauder  
  36  3:59  Orbital Command  
  36  4:02  Marine  
  36  4:05  Supply Depot  
  36  4:06  SCV  
  38  4:11  Marine  
  39  4:18  Marine x2  
  39  4:19  SCV  
  42  4:24  SCV  
  42  4:30  Factory  
  42  4:31  Refinery x2, SCV  
  44  4:33  Supply Depot  
  44  4:42  Marine  
  44  4:43  Marine x2  
  44  4:44  Marine  
  48  4:50  Engineering Bay  
  47  4:58  SCV x2  
  48  5:12  SCV x2, Marine x2  
  48  5:13  Marine x2  
  49  5:17  Starport  
  49  5:21  Factory Reactor  
  47  5:30  Marine x2, Terran Infantry Weapons Level 1  
  47  5:38  Marine x2  
  47  5:40  SCV x2  
  47  5:52  Marine x2  
  47  5:55  Missile Turret  
  49  6:02  Combat Shield  
  49  6:03  SCV x2  
  49  6:04  Barracks Tech Lab  
  51  6:08  Missile Turret  
  51  6:15  SCV x2  
  51  6:17  Marine  
  54  6:24  Marauder x2  
  58  6:27  SCV x2  
  60  6:35  Medivac x2  
  60  6:37  Marine x2  
  60  6:39  SCV x2  
  66  6:55  SCV  
  66  6:56  Command Center, Marine, Marauder  
  66  6:58  Marauder  
  66  7:00  Marine  
  69  7:09  SCV  
  70  7:24  Barracks x2  
  70  7:31  Terran Infantry Armor Level 1, Supply Depot  
  70  7:32  Refinery, Supply Depot  
  70  7:35  SCV, Medivac x2  
  76  7:37  SCV  
  76  7:47  SCV  
  76  7:50  Marine  
  78  7:52  Marine  
  78  7:53  Marauder x2  
  78  7:57  SCV  
  84  7:59  SCV  
  84  8:03  Supply Depot x2  
  85  8:07  Marine  
  85  8:08  Medivac x2  
  90  8:20  SCV x2  
  92  8:27  Barracks Reactor, Barracks Tech Lab  
  92  8:28  Marine x2  
  92  8:29  Marauder x2  
  98  8:39  Supply Depot  
  98  8:46  Viking x2  
  102  8:49  Factory Reactor  
  102  8:50  Marine  
  102  8:51  Starport  
  102  8:54  Orbital Command  
  100  9:05  Marine x2, Marauder x2  
  100  9:07  SCV  
  105  9:20  Supply Depot  
  105  9:21  Viking  
  105  9:22  Supply Depot  
  105  9:25  SCV x2  
  107  9:32  SCV  
  107  9:34  Missile Turret  
  107  9:37  SCV  
  103  9:51  SCV  
  103  9:52  SCV  
  104  9:53  Marine  
  104  9:54  Marine x2  
  104  9:55  Marauder x3  
  104  9:57  Viking  
  115  10:07  Viking x2  
  115  10:08  SCV  
  115  10:12  SCV x2  
  118  10:22  SCV  
  118  10:24  SCV x2  
  118  10:25  Viking  
  123  10:34  SCV  
  123  10:36  Viking, SCV  
  123  10:37  Viking, Marine x3  
  123  10:39  SCV  
  132  10:52  SCV  
  132  10:53  SCV x2  
  132  10:54  Engineering Bay, Armory  
  135  10:57  Refinery  
  135  11:00  Refinery  
  135  11:04  Supply Depot x2  
  135  11:05  Supply Depot  
  135  11:18  Marine x2, Marauder x3  
  143  11:20  Viking x2  
  143  11:21  Viking  
  148  11:33  Viking  
  148  11:36  Marine x2  
  148  11:39  Marauder x2  
  156  11:50  Viking x2, Supply Depot  
  152  12:04  Supply Depot  
  152  12:06  Viking x2  
  144  12:14  Marine x3, Marauder x2  
  141  12:20  Viking  
Tags
 
Add a new tag
Caveats
  • Supply blocks, unpowered buildings, or Contaminate may cause inaccurate times.
  • Supply counts are checked every 10 seconds.